 Dungeon Crawl Stone Soup version 0.22-a0-538-g76cc104 (webtiles) character file.

144106 emperorscorpion the Markscentaur (level 16, 0/162 HPs)
             Began as a Centaur Berserker on June 23, 2018.
             Was a High Priest of Trog.
             Killed from afar by a deep elf sorcerer (51 damage)
             ... with a bolt of acid
             ... on level 3 of the Elven Halls.
             The game lasted 01:02:22 (24942 turns).

emperorscorpion the Markscentaur (CeBe)            Turns: 24942, Time: 01:02:24

Health: 0/162      AC: 12    Str: 36    XL:     16   Next: 84%
Magic:  17/17      EV: 16    Int:  7    God:    Trog [*****.]
Gold:   962        SH:  4    Dex: 16    Spells: 15/15 levels left

rFire    . . .     SeeInvis +   b - +7 longbow of Nailatuqi {velocity, MR+ SInv Stlth+}
rCold    . . .     Gourm    .   (shield currently unavailable)
rNeg     + . .     Faith    .   T - +0 troll leather armour
rPois    .         Spirit   .   v - +2 helmet
rElec    +         Reflect  +   (no cloak)
rCorr    .         Harm     .   l - +2 pair of gloves
MR       ++++.                  (no barding)
Stlth    +++.......             u - amulet of Oheomame {Reflect *Contam +Inv rElec Str+7 SH+4}
HPRegen  1.77/turn              h - +3 ring of evasion
MPRegen  0.15/turn              o - ring of Castrolo {*Slow rN+ Str+6 Dex+4}

@: regenerating, slowed
A: large, hooves 3, deformed body, speed 2, tough skin 3
a: Berserk, Trog's Hand, Brothers in Arms, Renounce Religion, Evoke Invisibility


You were on level 3 of the Elven Halls.
You worshipped Trog.
Trog was extremely pleased with you.
You were near starving.

You visited 3 branches of the dungeon, and saw 20 of its levels.
You visited the Abyss 1 time.
You also visited: Ice Cave.

You collected 2028 gold pieces.
You spent 1066 gold pieces at shops.

Inventory:

Hand Weapons
 a - a +7 demon trident of electrocution
 b - the +7 longbow of Nailatuqi (weapon) {velocity, MR+ SInv Stlth+}
   (Trog gifted it to you on level 11 of the Dungeon)

   Any arrow fired from it inflicts extra damage.
   It affects your resistance to hostile enchantments.
   It lets you see invisible.
   It makes you more stealthy.
Missiles
 e - 3 throwing nets {!f}
 j - 37 poisoned needles
 s - 6 curare-tipped needles
 D - 478 arrows (quivered)
Armour
 l - a +2 pair of gloves (worn)
 v - a +2 helmet (worn)
 F - the cursed +0 leather armour of Noughts and Crosses {*Slow rElec Slay+3}
   (You found it on level 12 of the Dungeon)

   It affects your accuracy and damage with ranged weapons and melee attacks
   (+3).
   It insulates you from electricity.
   It may slow you when you take damage.
   It has a curse placed upon it.
 T - a +0 troll leather armour (worn)
Jewellery
 f - an uncursed amulet of faith
 h - a +3 ring of evasion (left hand)
 o - the ring of Castrolo (right hand) {*Slow rN+ Str+6 Dex+4}
   (You found it on level 15 of the Dungeon)

   [ring of dexterity]

   It affects your strength (+6).
   It affects your dexterity (+4).
   It protects you from negative energy.
   It may slow you when you take damage.
 u - the amulet of Oheomame (around neck) {Reflect *Contam +Inv rElec Str+7 SH+4}
   (You bought it in a shop on level 1 of the Elven Halls)

   [amulet of reflection]

   It shields you and reflects attacks.
   It affects your strength (+7).
   It insulates you from electricity.
   It lets you turn invisible.
   It causes magical contamination when unequipped.
   It affects your SH (+4).
 x - an uncursed ring of see invisible {unknown}
Wands
 w - a wand of polymorph (15)
 A - a wand of clouds (5)
 J - a wand of paralysis (27)
 M - a wand of iceblast (23)
 O - a wand of disintegration (27)
 Q - a wand of digging (9)
Scrolls
 k - 9 scrolls of teleportation
 m - 5 scrolls of magic mapping
 p - a scroll of fog
 y - 5 scrolls of fear
 B - 4 scrolls of immolation
 C - a scroll of blinking
 P - 2 scrolls of brand weapon
 S - a scroll of remove curse
 V - 2 scrolls of enchant weapon
 W - a scroll of enchant armour
 Z - 3 scrolls of identify
Potions
 d - a potion of brilliance
 g - 7 potions of curing
 i - 2 potions of cancellation
 q - a potion of resistance
 r - 5 potions of might
 t - 3 potions of flight
 z - 2 potions of invisibility
 G - 3 potions of lignification
 I - 2 potions of haste
 L - 5 potions of heal wounds
 N - 2 potions of mutation
 U - 4 potions of berserk rage
 Y - 4 potions of ambrosia
Miscellaneous
 n - a sack of spiders
 H - a fan of gales
 R - a box of beasts
Comestibles
 c - 34 rations
 E - 3 chunks of flesh


   Skills:
 + Level 19.7 Fighting
 + Level 8.6 Polearms
 - Level 20.0 Bows
 - Level 1.6 Throwing
 + Level 6.3 Armour
 + Level 5.9 Dodging
 + Level 4.7 Stealth
 + Level 1.7 Evocations


You had 15 spell levels left.
You didn't know any spells.
Your spell library contained the following spells:

 Spells                   Type           Power        Failure   Level  Hunger
 Cause Fear               Hex            #.........   99%         4    #####..
 Magic Dart               Conj           #...         45%         1    ##.....
 Apportation              Tloc           #.....       45%         1    ##.....
 Bolt of Cold             Conj/Ice       #.........   100%        6    #######
 Slow                     Hex            #.......     58%         2    ###....
 Invisibility             Hex            #.......     100%        6    #######
 Throw Frost              Conj/Ice       #.....       58%         2    ###....
 Freezing Cloud           Conj/Ice/Air   #.........   100%        6    #######
 Summon Small Mammal      Summ           #...         45%         1    ##.....
 Iskenderun's Mystic Bla  Conj           #.......     99%         4    #####..
 Animate Dead             Necr           N/A          99%         4    #####..
 Pain                     Necr           #...         45%         1    ##.....
 Animate Skeleton         Necr           N/A          45%         1    ##.....
 Vampiric Draining        Necr           #.........   83%         3    ####...
 Freeze                   Ice            #...         45%         1    ##.....
 Ozocubu's Refrigeration  Ice            #.........   100%        6    #######
 Summon Ice Beast         Ice/Summ       #.......     99%         4    #####..
 Ozocubu's Armour         Chrm/Ice       #.......     83%         3    ####...
 Regeneration             Chrm/Necr      #.........   83%         3    ####...
 Blade Hands              Tmut           #.........   100%        5    ######.
 Ice Form                 Ice/Tmut       #.......     99%         4    #####..
 Throw Icicle             Conj/Ice       #.......     99%         4    #####..
 Confusing Touch          Hex            #.....       45%         1    ##.....
 Metabolic Englaciation   Hex/Ice        #.........   100%        5    ######.
 Corona                   Hex            #......      45%         1    ##.....
 Sandblast                Erth           #.....       45%         1    ##.....
 Simulacrum               Ice/Necr       #.........   100%        6    #######
 Portal Projectile        Hex/Tloc       #.....       83%         3    ####...
 Leda's Liquefaction      Hex/Erth       #.........   99%         4    #####..
 Inner Flame              Hex/Fire       #.......     83%         3    ####...
 Fulminant Prism          Conj/Hex       #.........   99%         4    #####..
 Dazzling Spray           Conj/Hex       #.....       83%         3    ####...
 Force Lance              Conj/Tloc      #.......     99%         4    #####..
 Searing Ray              Conj           #.....       58%         2    ###....
 Irradiate                Conj/Tmut      #.........   100%        5    ######.


Dungeon Overview and Level Annotations

Branches:
Dungeon (15/15)            Temple (0/1) D:5            Lair (0/6) D:8
    Orc (2/2) D:10            Elf (3/3) Orc:2        Vaults (0/5) D:13
 Depths (0/5) D:15

Altars:
Ashenzari
Cheibriados
Gozag
Kikubaaqudgha
Makhleb
Ru
Sif Muna
Vehumet
Yredelemnul
Zin
The Shining One
Beogh

Shops:
D:8 %   D:13 [   Orc:2 (?:[(:**   Elf:1 (=(}


Innate Abilities, Weirdness & Mutations

You have hooves in place of feet.
Armour fits poorly on your strangely shaped body.
You cover ground very quickly.
You have extremely tough skin. (AC +3)


Message History

The deep elf elementalist is engulfed in noxious fumes.
The deep elf elementalist falls into the water!
The deep elf elementalist drowns.
Trog accepts your kill.
Trog appreciates your killing of a magic user.
You hear a splash.
The deep elf sorcerer is engulfed in noxious fumes.
Firing (i - inventory. (/) - cycle)
D - 479 arrows (quivered)
Press: ? - help, Shift-Dir - straight line, f - deep elf sorcerer
Aim: a deep elf sorcerer, wielding a dagger (noxious fumes, fast, spells empowered)
You shoot an arrow. The arrow hits the deep elf sorcerer!!!
The deep elf sorcerer is almost dead.
The deep elf elementalist is engulfed in noxious fumes.
The deep elf sorcerer is engulfed in noxious fumes.
The deep elf sorcerer points at you and mumbles some strange words.
The sphere of damnation explodes!
The damnation engulfs you!
The deep elf sorcerer is engulfed in noxious fumes.
The deep elf sorcerer casts a spell at you.
The bolt of acid hits you!
You die...

...###########..#..##########
...............###.#
...###########).#..# ...#
##...## ...# ##.## ...# #.#
...# #.# ...# #.# ...# #@#
...# #§# ...# #e# ...# §e§
...# ≈§§§≈ ...# .≈≈x≈≈. ...#
).≈≈(≈≈.. ...# #####(#####
...# ((.


You could see a deep elf sorcerer, a deep elf elementalist and a small
abomination.

Vanquished Creatures
  Saint Roka (Elf:2)
  A deep elf blademaster (Elf:2)
  A tentacled starspawn (Abyss:4)
  Agnes (Elf:2)
  3 deep elf sorcerers
  An iron dragon (D:14)
  An orc warlord (Orc:2)
  The ghost of opiumtea the Prestidigitator, a journeyman HOMo of Beogh (Orc:1)
  A deep elf elementalist (Elf:3)
  The ghost of Torious the Scorcher, a journeyman DECj of Sif Muna (D:14)
  An entropy weaver (Abyss:4)
  2 deep elf demonologists
  A deep elf annihilator (Elf:3)
  A fire dragon (D:15)
  An ettin (D:15)
  A deep elf high priest (Elf:3)
  Josephine (D:11)
  4 vault guards (D:13)
  The ghost of Yngaplae the Slicer, a journeyman VSMo of Okawaru (Orc:2)
  A naga warrior (Abyss:4)
  2 hydras
  4 centaur warriors
  11 two-headed ogres
  21 dancing weapons
  3 death knights
  A spectral stone giant (Orc:1)
  2 ogre magi
  2 tengu warriors (D:13)
  A shock serpent (shapeshifter) (D:13)
  Urug (Orc:1)
  3 thrashing horrors (Abyss:4)
  10 deep elf knights
  Nergalle (Orc:2)
  3 unseen horrors
  2 swamp dragons (Abyss:4)
  4 wizards
  10 deep elf archers
  Pikel (D:7)
  An orc knight (Orc:1)
  6 cyclopes
  A salamander (Abyss:4)
  57 deep elf magi
  A manticore (D:11)
  13 ugly things
  14 orc sorcerers
  4 gargoyles
  3 ice statues (IceCv)
  3 guardian serpents (Abyss:4)
  A komodo dragon (D:11)
  A yaktaur (D:15)
  A yaktaur (shapeshifter) (D:14)
  A tengu conjurer (D:15)
  2 ancient zymes (Abyss:4)
  7 trolls
  A hornet (D:11)
  A merfolk (D:10)
  A blink frog (shapeshifter) (D:15)
  7 hippogriffs
  5 slime creatures (D:12)
  5 blink frogs (Abyss:4)
  Sigmund (D:6)
  3 air elementals
  2 vampires
  2 ynoxinuls (Abyss:4)
  3 shadows
  6 wraiths
  3 yaks (D:9)
  A large abomination (Abyss:4)
  4 water elementals
  A wyvern (D:15)
  3 fire elementals (Elf:3)
  2 hungry ghosts
  A redback simulacrum (D:14)
  2 basilisks (D:13)
  14 vampire mosquitoes
  2 spatial vortices (Abyss:4)
  A soldier ant (D:13)
  7 wargs
  2 acid dragons
  A water moccasin (D:7)
  15 orc warriors
  17 ice beasts
  3 slaves (D:7)
  2 sky beasts
  An eye of draining (Abyss:4)
  12 ogres
  2 black bears
  2 boggarts (Elf:1)
  A crocodile (D:15)
  13 centaurs
  2 big kobolds
  4 small abominations (Abyss:4)
  3 earth elementals
  12 bullfrogs
  A spectral ogre (Orc:1)
  6 scorpions
  7 wights
  13 killer bees
  4 orc simulacra (Orc:1)
  7 howler monkeys
  2 bullfrog zombies
  A centaur zombie (D:12)
  2 quasits (D:8)
  8 crimson imps
  6 hounds
  5 jellies
  25 orc priests
  A bullfrog skeleton (D:5)
  36 orc wizards
  3 centaur skeletons
  An iron imp (Abyss:4)
  A gnoll shaman (D:8)
  8 iguanas
  A spectral orc (Orc:1)
  10 worker ants
  A troll simulacrum (Orc:1)
  2 hound skeletons
  A worker ant zombie (D:8)
  10 gnolls
  2 howler monkey skeletons
  16 adders
  6 shadow imps
  4 worms
  A dart slug (D:3)
  4 leopard geckos
  79 orcs
  5 bats
  4 giant cockroaches
  4 goblins
  4 hobgoblins
  7 jackals
  5 quokkas
  2 ball pythons (D:1)
  5 frilled lizards
  A jackal skeleton (D:4)
  19 kobolds
  A leopard gecko zombie (D:8)
  A quokka skeleton (D:6)
  5 rats
  2 starspawn tentacles (Abyss:4)
733 creatures vanquished.

Vanquished Creatures (others)
  A sixfirhy (Abyss:4)
  An orc (Elf:2)
  2 plants (Abyss:4)
4 creatures vanquished.

Grand Total: 737 creatures vanquished

Notes
Turn   | Place    | Note
-------+----------+-------------------------------------------
     0 | D:1      | emperorscorpion the Centaur Berserker began the quest for the Orb.
     0 | D:1      | Reached XP level 1. HP: 19/19 MP: 1/1
   110 | D:1      | Reached XP level 2. HP: 20/26 MP: 2/2
   741 | D:2      | Found a glowing silver altar of Zin.
   959 | D:2      | Reached XP level 3. HP: 31/31 MP: 3/3
  1135 | D:2      | Reached ** piety under Trog
  1812 | D:3      | Reached XP level 4. HP: 36/38 MP: 4/4
  1830 | D:3      | Found a burning altar of Makhleb.
  2012 | D:3      | Reached XP level 5. HP: 46/46 MP: 5/5
  2659 | D:4      | Found a snail-covered altar of Cheibriados.
  2948 | D:4      | Reached *** piety under Trog
  2949 | D:4      | Reached XP level 6. HP: 52/52 MP: 6/6
  3091 | D:4      | Found a deep blue altar of Sif Muna.
  3126 | D:4      | Reached skill level 5 in Polearms
  3274 | D:5      | Entered Level 5 of the Dungeon
  3339 | D:5      | Found a sacrificial altar of Ru.
  3348 | D:5      | Reached skill level 1 in Stealth
  3360 | D:5      | Reached XP level 7. HP: 24/59 MP: 7/7
  3562 | D:5      | Reached skill level 2 in Bows
  3853 | D:5      | Reached skill level 3 in Bows
  3876 | D:5      | Found an opulent altar of Gozag.
  4110 | D:5      | Reached skill level 4 in Bows
  4235 | D:5      | Found a staircase to the Ecumenical Temple.
  4304 | D:5      | Found a glowing golden altar of the Shining One.
  4550 | D:6      | Reached **** piety under Trog
  4550 | D:6      | Reached skill level 5 in Bows
  4597 | D:6      | Reached XP level 8. HP: 67/67 MP: 8/8
  4897 | D:6      | Reached skill level 6 in Bows
  5027 | D:6      | Noticed Sigmund
  5038 | D:6      | Killed Sigmund
  5038 | D:6      | Reached skill level 5 in Fighting
  5038 | D:6      | Reached skill level 7 in Bows
  5770 | D:7      | Reached skill level 8 in Bows
  5819 | D:7      | Reached skill level 9 in Bows
  5821 | D:7      | Reached skill level 1 in Throwing
  5835 | D:7      | Noticed a hippogriff
  5851 | D:7      | Killed a hippogriff
  5851 | D:7      | Reached XP level 9. HP: 22/75 MP: 9/9
  6295 | D:7      | Killed an unseen horror
  6544 | D:7      | Noticed Pikel
  6571 | D:7      | Killed Pikel
  6571 | D:7      | Reached skill level 10 in Bows
  6876 | D:8      | Noticed a two-headed ogre
  6890 | D:7      | Reached skill level 11 in Bows
  7139 | D:8      | Found Zighabefi's Food Emporium.
  7150 | D:8      | Killed a two-headed ogre
  7150 | D:8      | Reached XP level 10. HP: 84/84 MP: 10/10
  7229 | D:8      | Reached ***** piety under Trog
  7419 | D:8      | Found a staircase to the Lair.
  7564 | D:8      | Reached skill level 12 in Bows
  7954 | D:9      | Found a deep blue altar of Sif Muna.
  8647 | D:9      | Received a gift from Trog
  8907 | D:9      | Reached skill level 13 in Bows
  9044 | D:10     | Entered Level 10 of the Dungeon
  9055 | D:10     | Noticed a gargoyle
  9075 | D:10     | Killed a gargoyle
  9150 | D:10     | Noticed a two-headed ogre
  9171 | D:10     | Killed a two-headed ogre
  9376 | D:10     | Reached XP level 11. HP: 94/94 MP: 11/11
  9400 | D:10     | Received a gift from Trog
  9849 | D:10     | Noticed a six-headed hydra
  9873 | D:10     | Killed a six-headed hydra
  9873 | D:10     | Reached skill level 14 in Bows
  9966 | D:10     | Noticed a two-headed ogre
  9968 | D:10     | Found a staircase to the Orcish Mines.
  9992 | D:10     | Killed a two-headed ogre
 10522 | D:11     | Noticed a two-headed ogre
 10552 | D:10     | Killed a two-headed ogre
 10552 | D:10     | Reached skill level 15 in Bows
 11097 | D:11     | Noticed a deep elf mage
 11101 | D:11     | Noticed a wizard
 11103 | D:11     | Killed a deep elf mage
 11211 | D:11     | Noticed a green ugly thing
 11260 | D:11     | Killed a green ugly thing
 11412 | D:11     | Identified the Grimoire of Axaxaxas mlö
 11419 | D:11     | Identified the Compendium of Dhcmrlchtdj
 11477 | D:11     | Noticed Josephine
 11485 | D:11     | Reached skill level 16 in Bows
 11489 | D:11     | Killed Josephine
 11577 | D:11     | Reached ****** piety under Trog
 11577 | D:11     | Received a gift from Trog
 11640 | D:11     | Identified the Catalogue of Plaster Cramp
 11718 | D:11     | Noticed a green ugly thing
 11728 | D:11     | Killed a green ugly thing
 11728 | D:11     | Reached XP level 12. HP: 44/105 MP: 12/12
 11873 | D:11     | Noticed a two-headed ogre
 11902 | D:11     | Killed a two-headed ogre
 11966 | D:11     | Got a brightly glowing longbow {god gift}
 11967 | D:11     | Identified the +7 longbow of Nailatuqi {velocity, MR+ SInv Stlth+} (Trog gifted it to you on level 11 of the Dungeon)
 12222 | D:12     | Noticed a two-headed ogre
 12227 | D:12     | Killed a two-headed ogre
 12227 | D:12     | Reached skill level 17 in Bows
 12245 | D:12     | Reached skill level 10 in Fighting
 12353 | D:12     | Got a transparent leather armour
 12441 | D:12     | Received a gift from Trog
 12603 | D:12     | Paralysed by a wizard for 2 turns
 12993 | D:12     | Noticed a death knight
 13000 | D:12     | Killed a death knight
 13249 | D:13     | Noticed a death knight
 13249 | D:13     | Noticed a vault guard
 13249 | D:13     | Noticed a death knight
 13359 | D:13     | Reached skill level 18 in Bows
 13359 | D:13     | Reached skill level 5 in Armour
 13367 | D:13     | Noticed a vault guard
 13371 | D:13     | Killed a vault guard
 13384 | D:13     | Noticed a vault guard
 13403 | D:13     | Killed a vault guard
 13850 | D:13     | Found Jintom's Antique Armour Shop.
 13897 | D:13     | Reached XP level 13. HP: 70/115 MP: 13/13
 14058 | D:13     | Reached skill level 1 in Evocations
 14285 | D:13     | Received a gift from Trog
 14285 | D:13     | Reached skill level 19 in Bows
 14505 | D:13     | Found a gate to the Vaults.
 14887 | D:14     | Found a shattered altar of Ashenzari.
 15058 | D:14     | Received a gift from Trog
 15082 | D:14     | Found a runed door.
 15083 | D:14     | Noticed an iron dragon
 15084 | D:14     | Noticed Torious's ghost (journeyman DECj)
 15670 | D:14     | Killed Torious's ghost
 15670 | D:14     | Reached skill level 20 in Bows
 15688 | D:14     | Killed an iron dragon
 15806 | D:15     | Entered Level 15 of the Dungeon
 15818 | D:15     | Received a gift from Trog
 16052 | D:15     | Got a clouded copper ring
 16089 | D:15     | Identified the ring of Castrolo {*Slow rN+ Str+6 Dex+4} (You found it on level 15 of the Dungeon)
 16148 | D:15     | Reached XP level 14. HP: 127/127 MP: 15/15
 16564 | D:15     | Found a basalt altar of Yredelemnul.
 16597 | D:15     | Found a staircase to the Depths.
 16866 | Orc:1    | Entered Level 1 of the Orcish Mines
 16975 | Orc:1    | Noticed Urug
 16982 | Orc:1    | Killed Urug
 17334 | Orc:1    | Found a runed gate.
 17335 | Orc:1    | Found a runed gate.
 17336 | Orc:1    | Found a runed gate.
 17338 | Orc:1    | Noticed opiumtea's ghost (journeyman HOMo)
 17511 | Orc:1    | Received a gift from Trog
 17975 | Orc:1    | Killed opiumtea's ghost
 18066 | Orc:2    | Entered Level 2 of the Orcish Mines
 18136 | Orc:2    | Found Jodiox's Antique Weapon Emporium.
 18216 | Orc:2    | Found a staircase to the Elven Halls.
 18308 | Orc:2    | Found a frozen archway.
 18342 | IceCv    | Entered an ice cave
 18436 | IceCv    | Identified the cursed +0 leather armour of Noughts and Crosses {*Slow rElec Slay+3} (You found it on level 12 of the Dungeon)
 18695 | Orc:2    | Found a runed door.
 18696 | Orc:2    | Noticed Yngaplae's ghost (journeyman VSMo)
 18696 | Orc:2    | Noticed an orc warlord
 18713 | Orc:2    | Found Umerhyer's General Store.
 18728 | Orc:2    | Bought a potion of heal wounds for 90 gold pieces
 18739 | Orc:2    | Found Nodeir's Assorted Antiques.
 18742 | Orc:2    | Reached skill level 15 in Fighting
 18757 | Orc:2    | Bought a scroll of identify for 44 gold pieces
 18757 | Orc:2    | Bought an inky potion for 19 gold pieces
 18814 | Orc:2    | Received a gift from Trog
 18824 | Orc:2    | Found Miwuanwa's Book Emporium.
 18862 | Orc:2    | Found Gosim's Antique Weapon Shoppe.
 18887 | Orc:2    | Found a radiant altar of Vehumet.
 18921 | Orc:2    | Received a gift from Trog
 18930 | Orc:2    | Noticed Nergalle
 18943 | Orc:2    | Killed Nergalle
 19038 | Orc:2    | Found an ancient bone altar of Kikubaaqudgha.
 19070 | Orc:2    | Found Kaecw's Book Shoppe.
 19070 | Orc:2    | Found a roughly hewn altar of Beogh.
 19074 | Orc:2    | Found Qaci's Magic Scroll Emporium.
 19212 | Orc:2    | Found Yczeyrph's Antique Armour Boutique.
 19542 | Orc:2    | Killed Yngaplae's ghost
 19545 | Orc:2    | Killed an orc warlord
 19811 | Elf:1    | Entered Level 1 of the Elven Halls
 19843 | Elf:1    | Found a radiant altar of Vehumet.
 19873 | Elf:1    | Reached XP level 15. HP: 127/143 MP: 16/16
 20004 | Elf:1    | Received a gift from Trog
 20053 | Elf:1    | Found Ypeuw's Weapon Emporium.
 20141 | Elf:1    | Found Gammoebb's Gadget Shoppe.
 20806 | Elf:1    | Found Atoimur's Weapon Boutique.
 20943 | Elf:1    | Received a gift from Trog
 20977 | Elf:1    | Noticed a deep elf sorcerer
 21025 | Elf:1    | Killed a deep elf sorcerer
 21214 | Elf:1    | Found Amecis's Jewellery Shop.
 21222 | Elf:1    | Bought the amulet of Oheomame {Reflect *Contam +Inv rElec Str+7 SH+4} for 913 gold pieces
 21589 | Elf:2    | Noticed Saint Roka
 21627 | Elf:2    | Killed Saint Roka
 21627 | Elf:2    | Reached skill level 5 in Dodging
 21745 | Elf:2    | Received a gift from Trog
 22162 | Elf:2    | Found a huge runed gate.
 22162 | Elf:2    | Found a huge runed gate.
 22172 | Elf:2    | Found a huge runed gate.
 22174 | Elf:2    | Found a huge runed gate.
 22174 | Elf:2    | Found a huge runed gate.
 22374 | Elf:2    | Noticed a Brimstone Fiend
 22379 | Elf:2    | Noticed an Executioner
 22402 | Elf:2    | HP: 6/223 [Executioner[a deep elf demonologist] (8)]
 22403 | Elf:2    | HP: 2/223 [Executioner[a deep elf demonologist] (4)]
 22817 | Elf:2    | Noticed a deep elf blademaster
 22854 | Elf:2    | Killed a deep elf blademaster
 22854 | Elf:2    | Reached XP level 16. HP: 75/157 MP: 17/17
 23316 | Elf:2    | Noticed Agnes
 23328 | Elf:2    | Killed Agnes
 23700 | Elf:3    | Entered Level 3 of the Elven Halls
 23736 | Elf:3    | Received a gift from Trog
 24685 | Elf:3    | Cast into level 4 of the Abyss (a deep elf sorcerer)
 24885 | Abyss:4  | Noticed a tentacled starspawn
 24896 | Abyss:4  | Killed a tentacled starspawn
 24919 | Abyss:4  | Received a gift from Trog
 24935 | Elf:3    | Escaped the Abyss
 24942 | Elf:3    | Killed from afar by a deep elf sorcerer

Vault maps used:
D:1:      nagdon_arrival_double_spiral
D:2:      lemuel_crystal_altar
D:3:      bloody_makhleb
D:4:      cheibriados_altar_1, lemuel_statue_altar
D:5:      grunt_gozag_breadcrumbs, kennysheep_little_box,
          minmay_temple_entry_fiery, first_ration, nicolae_ru_awakened_eye
D:6:      minivault_11, uniq_sigmund
D:7:      uniq_pikel
D:8:      lair_entry_dummy, serial_shops, shop
D:9:      kennysheep_mini_moat
D:10:     david_orc_2, hangedman_fish_farm, grunt_ministairs_14,
          kennysheep_generic_room_16
D:11:     bh_hangedman_babel_library, uniq_josephine
D:13:     lightli_vaults_fourway_checkpoint, serial_shops, shop
D:14:     ebering_ghost_inner_flame, minmay_misc_feat_x, evilmike_ruin_ashenzari
D:15:     hangedman_depths_entry_civil_slaughter, yredelemnul_altar_generic
Orc:1:    gammafunk_ghost_necromancy, nicolae_orc_damp_corner, abandoned_shop,
          uniq_urug
Orc:2:    kennysheep_orc_mage_school, serial_shops, nicolae_shop_statue_plus,
          shop, shop, nicolae_shop_behind_doors,
          portal_ice_cave_entry_ice_beasts, ebering_ghost_inner_flame
Elf:1:    eino_elf_arrival_altar, serial_shops, shop, nicolae_shop_statue_plus,
          nicolae_shop_temple_entry_statues_fountains, shop,
          hangedman_elf_disciples
Elf:2:    uniq_saint_roka, uniq_agnes
Elf:3:    elf_hall_gauntlet_narrow
Abyss:4:  evilmike_abyss_exit_9, minivault_25, hangedman_abyss_feature_spike,
          nicolae_abyss_rune_left_handed
IceCv:    ice_cave_statue_garden_chambered

Skill      XL: |  1  2  3  4  5  6  7  8  9 10 11 12 13 14 15 16 |
---------------+-------------------------------------------------+-----
Polearms       | 3 4 5 6 7 8 |  8.6
Armour         | 2 3 4 5 6 |  6.3
Fighting       | 4 5 6 8 9 10 12 15 18 19 | 19.7
Dodging        | 2 3 4 5 |  5.9
Stealth        | 1 2 4 |  4.7
Bows           | 5 9 11 13 16 18 20 | 20.0
Throwing       | 1 |  1.6
Evocations     | 1 |  1.7

Action                   |  1- 3 |  4- 6 |  7- 9 | 10-12 | 13-15 | 16-18 || total
-------------------------+-------+-------+-------+-------+-------+-------++-------
Melee: Spear             |    89 |   152 |    64 |    72 |       |       ||   377
       Kick              |     7 |    32 |    21 |    27 |     4 |    12 ||   103
       Trident           |       |       |       |    52 |     5 |       ||    57
       Demon trident     |       |       |       |       |    15 |    21 ||    36
 Fire: Shortbow          |       |       |   245 |   241 |       |       ||   486
       Longbow           |       |       |       |   427 |   900 |   241 ||  1568
Throw: Stone             |     4 |     2 |     8 |    16 |       |       ||    30
Invok: Berserk           |     4 |     6 |     7 |     4 |     2 |     1 ||    24
       Trog's Hand       |       |       |     1 |     3 |     4 |     6 ||    14
       Brothers in Arms  |       |       |       |       |     1 |       ||     1
Evoke: Wand              |       |       |     5 |     5 |     1 |     1 ||    12
  Use: Scroll            |       |     1 |    16 |     9 |    13 |     1 ||    40
       Potion            |       |       |       |     2 |       |     1 ||     3
 Stab: Paralysed         |       |       |     6 |       |       |       ||     6
  Eat: Chunk             |     4 |    10 |    14 |    20 |    24 |     4 ||    76
       Ration            |       |       |     1 |     1 |       |     1 ||     3
Armor: Animal skin       |    11 |       |       |       |       |       ||    11
       Ring mail         |     1 |    35 |    60 |    43 |       |       ||   139
       Troll leather arm |       |       |       |    54 |    46 |    15 ||   115
Dodge: Dodged            |    20 |    42 |    83 |   163 |    83 |    58 ||   449
Block: Other             |       |       |       |       |     5 |    17 ||    22

Table legend:
 A = Spawn XP
 B = Non-spawn XP
 C = Spawn XP percentage of total XP
 D = Spawn monster count
 E = Non-spawn monster count
 F = Spawn count percentage of total count
 G = Total turns spent on level
                    A         B        C        D         E        F      G
               +---------+---------+-------+---------+---------+-------+---------
         Total |    8592 |  197275 |   4.2 |      23 |     704 |   3.2 | 24942
               +---------+---------+-------+---------+---------+-------+---------
           D:1 |       0 |      30 |   0.0 |       0 |      12 |   0.0 |   727
           D:2 |       0 |      65 |   0.0 |       0 |      17 |   0.0 |  1063
           D:3 |       0 |     179 |   0.0 |       0 |      21 |   0.0 |   854
           D:4 |       0 |     231 |   0.0 |       0 |      14 |   0.0 |   630
           D:5 |       0 |     710 |   0.0 |       0 |      22 |   0.0 |  1150
           D:6 |       0 |     758 |   0.0 |       0 |      26 |   0.0 |  1501
           D:7 |       0 |    2646 |   0.0 |       0 |      25 |   0.0 |  1233
           D:8 |       0 |    1814 |   0.0 |       0 |      19 |   0.0 |   630
           D:9 |       0 |    2973 |   0.0 |       0 |      40 |   0.0 |  1256
          D:10 |       0 |    6151 |   0.0 |       0 |      40 |   0.0 |  1729
          D:11 |       0 |    9214 |   0.0 |       0 |      41 |   0.0 |  1725
          D:12 |       0 |    6806 |   0.0 |       0 |      38 |   0.0 |   963
          D:13 |       0 |   13917 |   0.0 |       0 |      57 |   0.0 |  1623
          D:14 |       0 |   11597 |   0.0 |       0 |      26 |   0.0 |  1079
          D:15 |       0 |   19386 |   0.0 |       0 |      39 |   0.0 |   963
         Orc:1 |       0 |    7056 |   0.0 |       0 |      50 |   0.0 |   940
         Orc:2 |       0 |   13766 |   0.0 |       0 |      62 |   0.0 |  1476
         Elf:1 |       0 |   26300 |   0.0 |       0 |      46 |   0.0 |  2062
         Elf:2 |       0 |   46593 |   0.0 |       0 |      66 |   0.0 |  1827
         Elf:3 |       0 |   17653 |   0.0 |       0 |      24 |   0.0 |   992
       Abyss:4 |    8592 |    6191 |  58.1 |      23 |       8 |  74.2 |   250
         IceCv |       0 |    3239 |   0.0 |       0 |      11 |   0.0 |   269
               +---------+---------+-------+---------+---------+-------+---------
